 Dungeon Crawl Stone Soup version 0.31-a0-43-g46d131a48f (webtiles) character file.

Game seed: 1183708974277732924

5056 pk666 the Thaumaturge (level 10, -8/50 HPs)
             Began as a Deep Elf Fire Elementalist on May 20, 2023.
             Was a Follower of Vehumet.
             Mangled by a two-headed ogre
             ... wielding a +0 giant spiked club
              (22 damage)
             ... on level 8 of the Dungeon.
             The game lasted 00:17:03 (10939 turns).

pk666 the Thaumaturge (Deep Elf Fire Elementalist) Turns: 10939, Time: 00:17:03

Health: -8/50      AC:  5    Str:  5    XL:     10   Next: 31%
Magic:  34/35      EV: 17    Int: 25    God:    Vehumet [*.....]
Gold:   375        SH:  0    Dex: 15    Spells: 23/30 levels left

rFire   + . .        x - staff of fire
rCold   . . .        (no shield)
rNeg    . . .        a - +0 robe
rPois   .            (no helmet)
rElec   .            B - +2 cloak
rCorr   .            (no gloves)
SInv    .            (no boots)
Will    +....        t - amulet of the acrobat
Stlth   ++           i - ring of magical power
HPRegen 0.28/turn    z - ring of flight
MPRegen 0.24/turn

%: acrobat
@: mighty, brilliant, flying
A: no striking features
a: Renounce Religion


You were on level 8 of the Dungeon.
You worshipped Vehumet.
Vehumet was aware of your devotion.
You visited 2 branches of the dungeon, and saw 9 of its levels.
You also visited: Ossuary.

You collected 375 gold pieces.

Inventory:

Hand Weapons
 w - a +4 dagger
Armour
 a - a +0 robe (worn)
 B - a +2 cloak (worn)
Magical Staves
 x - a staff of fire (weapon)
Jewellery
 i - a ring of magical power (left hand)
 k - a +4 ring of slaying
 n - an amulet of faith
 t - an amulet of the acrobat (around neck)
 z - a ring of flight (right hand)
 E - a ring of ice
Wands
 C - a wand of paralysis (20)
Scrolls
 d - 3 scrolls of magic mapping {unknown}
 e - 11 scrolls of identify
 g - 2 scrolls of blinking {unknown}
 h - a scroll of fear {unknown}
 l - a scroll of immolation {unknown}
 p - 4 scrolls of teleportation
 s - 2 scrolls of poison {unknown}
 u - 2 scrolls of vulnerability {unknown}
 v - a scroll of torment {unknown}
 y - 3 scrolls of noise {unknown}
 D - a scroll of silence {unknown}
Potions
 b - a potion of berserk rage {unknown}
 c - 4 potions of lignification
 f - a potion of flight {unknown}
 j - 4 potions of curing
 m - a potion of invisibility {unknown}
 o - 2 potions of attraction {unknown}
 q - 3 potions of brilliance
 r - 3 potions of might
 A - 3 potions of haste {unknown}
 F - 2 potions of mutation {unknown}


   Skills:
 + Level 9.5 Dodging
 - Level 2.4 Stealth
 + Level 10.5 Spellcasting
 + Level 8.4 Conjurations
 + Level 9.1 Fire Magic


You had 23 spell levels left.
You knew the following spells:

 Your Spells              Type           Power      Damage    Failure   Level
a - Foxfire               Conj/Fire      100%       2x1d9     1%          1
b - Scorch                Fire           100%       2d9       1%          2
c - Flame Wave            Conj/Fire      91%        2d19      1%          4

Your spell library contained the following spells:

 Spells                   Type           Power      Damage    Failure   Level
 Freeze                   Ice            76%        1d8       4%          1
 Kiss of Death            Conj/Necr      100%       2d13      1%          1
 Inner Flame              Hex/Fire       69%        N/A       2%          3
 Volatile Blastmotes      Fire/Tloc      100%       2d18      2%          3
 Beastly Appendage        Tmut           38%        N/A       4%          1
 Ignite Poison            Fire/Tmut/Pois 59%        N/A       4%          3
 Cigotuvi's Dreadful Rot  Necr/Pois/Air  38%        N/A       7%          2
 Lesser Beckoning         Tloc           38%        N/A       7%          2
 Wereblood                Tmut           19%        N/A       7%          2
 Confusing Touch          Hex            19%        N/A       14%         3
 Gell's Gravitas          Tloc           19%        N/A       14%         3
 Spider Form              Tmut/Pois      19%        N/A       14%         3
 Teleport Other           Tloc           19%        N/A       14%         3
 Freezing Cloud           Conj/Ice/Air   20%        6-21      38%         5
 Dispel Undead            Necr           19%        3d11      43%         4


Dungeon Overview and Level Annotations

Branches:
Dungeon (8/15)             Temple (1/1) D:5         Ossuary (visited)
   Lair: D:8-11

Altars:
Ashenzari
Dithmenos
Elyvilon
Fedhas
Gozag
Hepliaklqana
Makhleb
Nemelex Xobeh
Okawaru
Qazlal
Ru
Sif Muna
Vehumet
Wu Jian
Xom
Yredelemnul
Zin
The Shining One

Shops:
D:3 (

Annotations:
D:3 3 runed translucent doors, KimchiStew's ghost, amateur GrEE
D:6 1 runed translucent door, Returnofthet's ghost, novice TeRe


Message History

The foxfire hits the orc.
The orc is severely wounded.
You feel a surge of power!
Flames lash the orc.
You kill the orc!
Vehumet accepts your kill.
Things that are here:
a +2 mace of holy wrath; a +0 leather armour
Found a barding.
You see here a +0 barding.
Things that are here:
a +2 mace of holy wrath; a +0 leather armour
Things that are here:
a +0 dagger; a +2 dagger of venom A two-headed ogre comes into view.
It is wielding two +0 giant spiked clubs.
The two-headed ogre shouts in stereo!
Okay, then.
Press: ? - help, v - describe, . - travel
Here: a two-headed ogre, wielding two +0 giant spiked clubs The floor.
Okay, then.
As you read the scroll labelled ZIDEWO XURUCYTZ, it crumbles to dust.
It is a scroll of identify.
p - 4 scrolls of teleportation You feel a surge of power!
Flames lash the two-headed ogre.
The two-headed ogre is lightly wounded.
The two-headed ogre's fire resistance burns away.
The two-headed ogre misses you.
The two-headed ogre hits you with a +0 giant spiked club!!
Ouch! That really hurt!
It was a potion of curing.
You feel better.
The two-headed ogre completely misses you.
The two-headed ogre hits you with a +0 giant spiked club!
* * * LOW HITPOINT WARNING * * *
It was a potion of brilliance.
You feel clever all of a sudden.
It was a potion of might.
You feel very mighty all of a sudden. The two-headed ogre closely misses you.
The two-headed ogre hits you with a +0 giant spiked club!!
You die...

# #.....# #.....# #
#.....#######..##.# ######
#.....##..........# #....####
####....##.####.##.######.##....#
.................................
.#.....###....#.#####..#~....##.#
##.......####.#......≈.#...#~.#..
#.....#.#..#.#.....♣.≈....#~.#..
#.....#.#....#.@....≈~~..~♣..#..
#.....#.#.####.O...≈~~~.#..~.#..
########.#.####......≈..~....~...
...# #.#..........~.~.≈~~.♣....
##.#####.######.....~#.~~.~.~~###
.......................~~..~~
##.#####.#######.#......~..~~
.......#.# #.#..........
.......#.# #.#.......##


You could see a two-headed ogre (combustible).

Vanquished Creatures
  Prince Ribbit (D:7)
  Grinder (D:3)
  6 yaks (D:6)
  2 water moccasins
  2 sky beasts
  2 ice beasts
  A black bear (D:5)
  2 ogres
  2 phantoms (D:6)
  2 necrophages (D:5)
  11 scorpions
  2 bullfrogs (D:8)
  A water moccasin zombie (D:5)
  3 wights (D:5)
  4 howler monkeys
  2 centaur zombies (Ossuary)
  3 bullfrog zombies (D:5)
  A gnoll bouda (D:7)
  4 human zombies
  3 orc priests
  6 hounds
  Natasha (thrice) (D:3)
  4 iguanas
  5 orc wizards
  7 scorpion zombies (Ossuary)
  A killer bee zombie (D:5)
  4 mummies
  Robin (D:3)
  6 adders
  5 gnolls (D:7)
  8 river rats (D:5)
  3 shadow imps
  6 white imps
  2 ufetubi (D:5)
  5 worms
  3 dart slugs
  24 orcs
  2 ball pythons (D:1)
  7 endoplasms
  6 giant cockroaches
  9 goblins
  10 hobgoblins
  10 jackals
  8 quokkas
  8 bats
  2 gnoll zombies (Ossuary)
  2 hobgoblin zombies (Ossuary)
  9 kobolds
  2 orc zombies (Ossuary)
  24 rats
  A spectral hobgoblin (D:6)
248 creatures vanquished.

Vanquished Creatures (others)
  432 foxfires
432 creatures vanquished.

Grand Total: 680 creatures vanquished

Notes
Turn   | Place    | Note
-------+----------+-------------------------------------------
     0 | D:1      | pk666 the Deep Elf Fire Elementalist began the quest for
                  | the Orb.
     0 | D:1      | Reached XP level 1. HP: 10/10 MP: 6/6
   299 | D:1      | Reached XP level 2. HP: 2/15 MP: 4/8
   302 | D:1      | Learned a level 2 spell: Scorch
   962 | D:1      | Reached XP level 3. HP: 19/19 MP: 5/10
  2222 | D:2      | Reached XP level 4. HP: 24/24 MP: 11/11
  2256 | D:2      | Found a faded altar of an unknown god.
  2386 | D:2      | Reached skill level 4 in Spellcasting
  2768 | D:2      | Learned a level 4 spell: Flame Wave
  2896 | D:3      | Found Vouhadog's Antique Weapon Boutique.
  2956 | D:3      | Noticed Robin
  2969 | D:3      | Killed Robin
  3122 | D:3      | Reached XP level 5. HP: 17/28 MP: 9/13
  3208 | D:3      | Noticed Grinder
  3220 | D:3      | Killed Grinder
  3221 | D:3      | Reached skill level 5 in Spellcasting
  3221 | D:3      | Reached XP level 6. HP: 7/32 MP: 6/15
  3399 | D:3      | Noticed Natasha
  3403 | D:3      | Killed Natasha
  3496 | D:3      | Noticed Natasha
  3502 | D:3      | Killed Natasha
  3503 | D:3      | Reached skill level 5 in Fire Magic
  3738 | D:3      | Found a runed translucent gate.
  3739 | D:3      | Found a runed translucent gate.
  3741 | D:3      | Found a runed translucent gate.
  3742 | D:3      | Noticed KimchiStew's ghost (amateur GrEE)
  3848 | D:3      | Noticed Natasha
  3850 | D:3      | Killed Natasha
  4245 | D:4      | Reached skill level 5 in Dodging
  4290 | D:4      | Reached XP level 7. HP: 32/36 MP: 17/17
  4346 | D:4      | Found a glowing golden altar of the Shining One.
  4409 | D:4      | Reached skill level 6 in Spellcasting
  4477 | D:4      | Found a stormy altar of Qazlal.
  4997 | D:5      | Entered Level 5 of the Dungeon
  5065 | D:5      | Found a staircase to the Ecumenical Temple.
  5196 | Temple   | Entered the Ecumenical Temple
  5465 | D:5      | Reached skill level 5 in Conjurations
  5465 | D:5      | Reached XP level 8. HP: 22/41 MP: 5/20
  5874 | D:5      | Found a blossoming altar of Fedhas.
  5965 | D:5      | Reached skill level 7 in Spellcasting
  6384 | D:5      | Found a basalt altar of Yredelemnul.
  6652 | D:5      | Reached skill level 8 in Spellcasting
  7109 | D:6      | Reached XP level 9. HP: 45/45 MP: 23/23
  7373 | D:6      | Found a hazy altar of Hepliaklqana.
  7729 | D:6      | Found a runed translucent door.
  7729 | D:6      | Noticed Returnofthet's ghost (novice TeRe)
  8038 | D:6      | Found an iron altar of Okawaru.
  8270 | D:6      | Reached skill level 9 in Spellcasting
  8519 | D:7      | Noticed Prince Ribbit
  8527 | D:7      | Killed Prince Ribbit
  9147 | D:7      | Reached XP level 10. HP: 50/50 MP: 23/25
  9290 | D:7      | Reached skill level 10 in Spellcasting
  9402 | D:7      | Found a radiant altar of Vehumet.
  9408 | D:7      | Became a worshipper of Vehumet
  9925 | D:8      | Found a sand-covered staircase.
  9929 | Ossuary  | Entered an ossuary
 10324 | Ossuary  | Reached * piety under Vehumet
 10324 | Ossuary  | Offered knowledge of Freeze by Vehumet.
 10920 | D:8      | Noticed a two-headed ogre
 10939 | D:8      | Mangled by a two-headed ogre

Illustrated notes

Levels and vault maps discovered:
D:1:      eino_arrival_druids_welcome, layout_loops_corners, kennysheep_doodads
D:2:      layout_loops_corners, serial_rivers, chequers_serial_rivers_small_3,
          chequers_serial_rivers_marsh, chequers_serial_rivers_micro_d,
          chequers_serial_rivers_micro_d,
          hellmonk_ecumenical_altar_leap_of_faith, hex_tiny
D:3:      layout_basic, serial_shops, shop, gammafunk_ghost_nasty_kobolds,
          uniq_natasha, uniq_robin, uniq_grinder
D:4:      layout_rooms, mainiacjoe_overflow_brackets, grunt_qazlal_clouds,
          serial_rivers, chequers_serial_rivers_micro_d,
          chequers_serial_rivers_small_b, chequers_serial_rivers_large_a,
          chequers_serial_rivers_small_b, chequers_serial_rivers_room_b,
          chequers_serial_rivers_small_b
D:5:      lemuel_ratsnest, layout_cave_pools,
          lemuel_mausoleum_altar_yredelemnul, mainiacjoe_overflow_chevrons,
          minmay_temple_entry_mini_moons, cheibrodos_sewer_entry_bend
D:6:      layout_layer_cave, lemuel_crystal_altar,
          nicolae_hepliaklqana_monster_ancestors, gammafunk_ghost_grave,
          patterned_corridor
D:7:      layout_basic, nicolae_vehumet_altar_sigil, uniq_prince_ribbit1
D:8:      layout_basic, serial_rivers, chequers_serial_rivers_micro_b,
          chequers_serial_rivers_marsh, chequers_serial_rivers_large_b,
          chequers_serial_rivers_marsh, chequers_serial_rivers_micro_b,
          enter_ossuary_5
Temple:   nicolae_temple_ecumenical_triangle

Skill      XL: |  1  2  3  4  5  6  7  8  9 10 |
---------------+-------------------------------+-----
Dodging        | 3 4 5 6 7 9 |  9.5
Conjurations   | 2 3 4 5 6 7 8 |  8.4
Fire Magic     | 4 5 6 7 8 9 |  9.1
Spellcasting   | 4 5 6 8 9 10 | 10.5
Stealth        | |  2.4

Action                     |  1- 3 |  4- 6 |  7- 9 | 10-12 || total
---------------------------+-------+-------+-------+-------++-------
  Melee: Staff             |       |       |    13 |       ||    13
   Cast: Foxfire           |    77 |    58 |    96 |    47 ||   278
         Scorch            |    13 |    54 |   146 |    47 ||   260
         Flame Wave        |       |       |     5 |     5 ||    10
    Use: Potion            |       |       |     3 |     3 ||     6
         Scroll            |       |       |       |     1 ||     1
 Armour: Robe              |     1 |     2 |     5 |     4 ||    12
         Skin              |       |       |    20 |       ||    20
  Dodge: Dodged            |    11 |    16 |    50 |    22 ||    99

Table legend: (Time is in decaauts)
 A = Elapsed time spent in this place.
 B = Non-inter-level travel time spent in this place.
 C = Inter-level travel time spent in this place.
 D = Time resting spent in this place.
 E = Time spent auto-exploring this place.
 F = Levels seen in this place.
 G = Mean time per level.
                   A        B        C        D        E       F      G
               +--------+--------+--------+--------+--------+-----+--------+
         Total |  10978 |  10717 |    261 |   1713 |   7560 |  10 | 1097.8 |
       Dungeon |  10219 |   9975 |    244 |   1359 |   7339 |   8 | 1277.4 |
        Temple |     50 |     33 |     17 |      0 |     25 |   1 |   50.0 |
       Ossuary |    708 |    708 |      0 |    354 |    196 |   1 |  708.0 |
               +--------+--------+--------+--------+--------+-----+--------+

Top non-repeatable levels by time:
     D:5: 1853 daAuts
     D:6: 1627 daAuts
     D:1: 1550 daAuts
     D:2: 1328 daAuts
     D:3: 1273 daAuts
     D:7: 1178 daAuts
     D:4: 876 daAuts
 Ossuary: 708 daAuts
     D:8: 531 daAuts
  Temple: 50 daAuts
